Map: [ESL] Altitude

Players

AZTEX

  • Race: Protoss Protoss
  • Spawn Location: 1:00

Mixu - Winner!

  • Race: Zerg Zerg
  • League: Grandmaster
  • Spawn Location: 7:00

VOD

Have the link to the VOD?

Description

Time

  • Played on: March 27, 2023, 11:58 a.m.
  • Length: 12:08
Show
View Real Time Build Order
Export as new Build Order

AZTEX Protoss 

Build Orders: 1 Gate Expand, Zealot Archon, Archon Drop, Dark Templar Rush 

Get SALT Encoding   

  12  0:00  Probe  
  13  0:12  Probe  
  14  0:19  Pylon  
  14  0:24  Probe  
  15  0:37  Probe (Chrono Boost)  
  16  0:43  Gateway  
  16  0:48  Assimilator  
  16  0:49  Probe (Chrono Boost)  
  17  0:54  Probe (Chrono Boost)  
  18  1:04  Probe  
  19  1:16  Probe  
  20  1:28  Nexus  
  20  1:39  Cybernetics Core  
  20  1:42  Probe  
  21  1:49  Assimilator  
  21  1:55  Pylon  
  21  1:58  Probe  
  22  2:10  Probe (Chrono Boost)  
  22  2:14  Adept (Chrono Boost)  
  23  2:17  Warp Gate  
  26  2:23  Probe (Chrono Boost)  
  26  2:29  Twilight Council  
  26  2:31  Probe (Chrono Boost)  
  26  2:36  Adept (Chrono Boost)  
  27  2:40  Probe  
  27  2:43  Probe  
  31  2:52  Probe  
  31  2:56  Gateway  
  32  2:59  Probe  
  32  3:04  Probe  
  33  3:11  Probe  
  34  3:13  Dark Shrine  
  34  3:26  Robotics Facility, Probe (Chrono Boost)  
  35  3:32  Probe (Chrono Boost)  
  34  3:38  Probe (Chrono Boost), Shield Battery  
  36  3:43  Probe (Chrono Boost)  
  36  3:45  Stalker, Probe (Chrono Boost)  
  39  3:51  Assimilator  
  39  3:52  Probe (Chrono Boost)  
  41  3:58  Probe x2 (Chrono Boost)  
  41  3:59  Pylon  
  42  4:05  Probe  
  42  4:06  Probe  
  44  4:17  Probe  
  44  4:18  Probe  
  44  4:23  Nexus  
  46  4:27  Dark Templar  
  46  4:29  Dark Templar  
  50  4:31  Probe  
  50  4:36  Archon, Pylon  
  50  4:37  Probe  
  52  4:42  Pylon  
  52  4:47  Warp Prism  
  54  4:54  Assimilator, Probe x2  
  56  5:02  Dark Templar  
  56  5:03  Dark Templar  
  56  5:06  Shield Battery  
  60  5:08  Archon  
  60  5:12  Charge  
  60  5:13  Pylon  
  60  5:15  Gateway  
  60  5:18  Probe  
  60  5:19  Probe  
  62  5:30  Probe  
  63  5:36  Dark Templar, Robotics Bay  
  63  5:38  Probe x2  
  67  5:43  Shield Battery  
  67  5:45  Dark Templar  
  67  5:48  Probe (Chrono Boost)  
  70  5:50  Probe (Chrono Boost)  
  70  5:52  Archon  
  70  5:54  Probe (Chrono Boost)  
  72  5:59  Probe (Chrono Boost)  
  72  6:01  Probe (Chrono Boost)  
  75  6:04  Probe x2 (Chrono Boost)  
  75  6:09  Immortal (Chrono Boost)  
  78  6:15  Zealot x2  
  81  6:22  Probe x2  
  81  6:23  Probe  
  78  6:35  Probe  
  78  6:37  Dark Templar x2  
  79  6:43  Forge  
  79  6:44  Probe  
  79  6:45  Immortal (Chrono Boost)  
  79  6:46  Probe  
  85  6:48  Gateway, Zealot  
  85  6:50  Gateway  
  87  6:58  Pylon  
  87  7:00  Pylon  
  87  7:06  Immortal (Chrono Boost)  
  87  7:07  Gateway  
  87  7:11  Archon  
  87  7:12  Dark Templar  
  93  7:17  Protoss Ground Weapons Level 1 (Chrono Boost)  
  93  7:18  Pylon  
  93  7:22  Pylon  
  93  7:25  Zealot x2  
  97  7:30  Probe  
  97  7:33  Assimilator  
  97  7:36  Disruptor  
  98  7:39  Gateway  
  98  7:40  Gateway  
  98  7:41  Pylon  
  101  7:50  Nexus  
  101  7:51  Dark Templar, Pylon  
  101  7:55  Archon  
  103  8:02  Dark Templar x2  
  103  8:03  Zealot  
  103  8:04  Zealot x2  
  113  8:06  Archon  
  113  8:07  Probe  
  113  8:10  Disruptor (Chrono Boost)  
  117  8:13  Probe, Pylon  
  118  8:28  Dark Templar  
  118  8:30  Dark Templar  
  118  8:31  Zealot x2  
  126  8:36  Disruptor (Chrono Boost)  
  126  8:37  Dark Templar  
  126  8:40  Pylon  
  131  8:42  Dark Templar, Pylon  
  131  8:43  Zealot  
  131  8:45  Gateway, Zealot  
  131  8:47  Archon  
  137  8:55  Probe x3  
  140  9:06  Stalker x4  
  140  9:07  Probe  
  140  9:09  Stalker x2  
  143  9:24  Gateway  
  143  9:26  Protoss Ground Weapons Level 2 (Chrono Boost)  
  143  9:29  Probe x2  
  145  9:32  Gateway  
  145  9:33  Gateway  
  145  9:37  Pylon  
  145  9:38  Zealot x5  
  147  9:39  Zealot  
  147  9:42  Warp Prism  
  139  9:57  Zealot x6  
  139  9:58  Zealot x3  
  147  10:12  Probe x3  
  150  10:15  Robotics Facility  
  150  10:19  Probe  
  133  10:40  Zealot x5  
  133  10:41  Zealot x6  
  133  10:42  Zealot  
  145  10:52  Observer (Chrono Boost)  
  142  11:08  Robotics Facility, Assimilator x2, Probe  
  147  11:11  Gateway  
  147  11:12  Immortal (Chrono Boost)  
  147  11:13  Gateway  
  147  11:14  Probe  
  147  11:17  Dark Templar x3  
  154  11:19  Probe  
  154  11:21  Probe  
  118  11:54  Zealot x5  
  118  11:55  Dark Templar x4  
Show
View Real Time Build Order
Export as new Build Order

Mixu Zerg - Winner!

Build Orders: Hatch First, Lurkers 

Get SALT Encoding   

  12  0:00  Drone  
  13  0:12  Overlord  
  13  0:17  Drone  
  14  0:31  Drone x2  
  16  0:50  Hatchery  
  16  0:52  Drone  
  16  0:56  Drone  
  17  0:59  Drone  
  18  1:10  Extractor  
  17  1:18  Spawning Pool  
  16  1:19  Drone  
  16  1:21  Drone  
  18  1:28  Drone  
  19  1:38  Drone  
  20  1:54  Overlord  
  20  2:04  Queen, Zergling x4  
  20  2:05  Queen  
  26  2:11  Drone  
  26  2:12  Drone  
  26  2:14  Metabolic Boost  
  28  2:22  Drone  
  29  2:23  Drone  
  30  2:38  Hatchery  
  30  2:39  Drone  
  30  2:43  Drone  
  31  2:50  Queen  
  33  2:58  Overlord, Drone x2  
  33  3:01  Drone  
  36  3:11  Overlord  
  36  3:15  Queen, Drone  
  36  3:17  Drone x2  
  40  3:20  Drone  
  40  3:26  Spore Crawler  
  40  3:31  Queen  
  40  3:32  Drone  
  44  3:36  Drone  
  44  3:40  Drone x2  
  48  3:41  Drone  
  48  3:44  Drone  
  49  3:54  Queen  
  49  3:55  Drone x2  
  53  3:56  Drone  
  54  4:03  Overlord, Roach Warren  
  54  4:09  Zergling x8  
  57  4:15  Drone  
  58  4:19  Extractor  
  58  4:22  Drone x2  
  58  4:23  Drone x3  
  62  4:25  Overlord  
  62  4:33  Lair, Spore Crawler  
  62  4:35  Spore Crawler  
  60  4:45  Roach x3  
  66  4:50  Drone x3  
  69  4:55  Drone x2  
  71  5:02  Drone x3  
  71  5:04  Overlord x2  
  71  5:05  Overlord  
  74  5:15  Overlord  
  74  5:16  Evolution Chamber  
  74  5:17  Drone  
  74  5:20  Drone, Extractor x2  
  74  5:21  Extractor x2  
  72  5:22  Drone x2  
  72  5:24  Drone x5, Ravager  
  72  5:25  Ravager x2  
  72  5:26  Drone x2  
  83  5:33  Drone x5  
  83  5:34  Drone  
  89  5:37  Drone x2  
  90  5:43  Overseer  
  90  5:47  Drone x3  
  93  5:58  Roach x4  
  93  6:01  Overlord  
  93  6:03  Hatchery  
  99  6:06  Overlord  
  99  6:07  Roach x2  
  93  6:19  Roach x4  
  88  6:31  Roach x5  
  97  6:34  Drone x2  
  97  6:37  Glial Reconstitution  
  97  6:39  Drone  
  98  6:43  Zerg Missile Weapons Level 1  
  98  6:45  Ravager, Overseer  
  99  6:55  Drone  
  99  6:58  Drone x3  
  111  7:01  Drone x9  
  111  7:05  Infestation Pit  
  111  7:07  Hydralisk Den  
  110  7:09  Zergling x2  
  111  7:21  Queen  
  113  7:29  Drone x6  
  119  7:31  Overlord x5  
  119  7:35  Extractor  
  118  7:39  Lurker Den  
  118  7:43  Spine Crawler, Overseer  
  118  7:44  Overlord, Roach  
  116  7:47  Extractor  
  117  7:52  Roach x7  
  117  7:56  Hive  
  135  7:58  Roach x2  
  135  8:01  Hydralisk  
  135  8:02  Hydralisk  
  135  8:05  Hydralisk x2  
  141  8:10  Hydralisk x2  
  141  8:11  Hydralisk  
  149  8:13  Hydralisk  
  149  8:17  Overlord  
  151  8:20  Pneumatized Carapace  
  151  8:24  Roach x4  
  159  8:27  Overlord x2  
  159  8:30  Overseer  
  159  8:34  Overseer  
  159  8:37  Lurker x7  
  159  8:40  Lurker  
  167  8:42  Roach  
  167  8:43  Roach x2  
  167  8:48  Roach x4  
  181  8:53  Overlord  
  181  8:58  Overseer x2  
  181  8:59  Hydralisk x3  
  185  9:21  Hydralisk  
  185  9:22  Hydralisk x6  
  199  9:25  Seismic Spines  
  193  9:55  Viper x2  
  199  10:02  Roach x3  
  199  10:03  Muscular Augments  
  198  10:16  Hatchery  
  198  10:19  Viper  
  198  10:25  Hydralisk  
  190  10:32  Hydralisk x9  
  190  10:33  Hydralisk x2  
  194  10:41  Overseer x2  
  194  10:42  Hydralisk x2  
  182  10:53  Roach x7  
  190  11:11  Hydralisk x5  
  190  11:25  Hydralisk x7  
  192  11:28  Overseer  
  192  11:34  Lurker x5  
  192  11:36  Overseer  
Tags
 
Add a new tag
Caveats
  • Supply blocks, unpowered buildings, or Contaminate may cause inaccurate times.
  • Supply counts are checked every 10 seconds.